[Event "*** Titled Tuesday Blitz"]
[Site "Chess.com"]
[Date "2019.01.01"]
[Round "6"]
[White "sergiochess83"]
[Black "Ali_rastbod"]
[Result "1-0"]
[WhiteElo "2772"]
[BlackElo "2584"]
[TimeControl "180+2"]
[EndTime "14:26:45 PST"]
[Termination "sergiochess83 won by resignation"]

1. e4 Nc6 2. Nf3 g6 3. d4 Bg7 4. c3 d6 5. Bd3 Nf6 6. d5 Nb8 7. O-O O-O 8. c4 Bg4 9. h3 Bxf3 10. Qxf3 Nbd7 11. Qe2 Nc5 12. Bc2 c6 13. Nc3 Qb6 14.
Rb1 a5 15. Be3 Rac8 16. Na4 Qc7 17. e5 Nfd7 18. Nxc5 Nxc5 19. Bxc5 dxc5 20. f4 Rfd8 21. Rbd1 Qb6 22. Be4 cxd5 23. cxd5 c4+ 24. Kh1 Qc7 25.
a4 Qc5 26. f5 b5 27. axb5 Qxb5 28. fxg6 fxg6 29. h4 Qb8 30. d6 exd6 31. h5 d5 32. Rxd5 Rxd5 33. Bxd5+ Kh8 34. e6 Qg3 35. Rf3 Qg5 36. Qe4 Qxh5+ 37. Rh3 Qd1+ 38. Kh2 Rd8 39. e7 Re8 40. Qxg6 Be5+ 41. g3 Qc2+ 42. Qxc2 1-0

[Event "*** Titled Tuesday Blitz"]
[Site "Chess.com"]
[Date "2019.01.01"]
[Round "6"]
[White "NCchamp"]
[Black "abubakrtagelsir"]
[Result "0-1"]
[WhiteElo "2189"]
[BlackElo "2251"]
[TimeControl "180+2"]
[EndTime "14:26:45 PST"]
[Termination "abubakrtagelsir won by resignation"]

1. c4 c6 2. d4 d5 3. cxd5 cxd5 4. Nc3 Nf6 5. f3 Nc6 6. e4 e6 7. e5 Nd7 8. f4 Be7 9. Nf3 O-O 10. Bd3 f5 11. O-O Qe8 12. Kh1 Qh5 13. Rg1 Nd8 14. Bc2 Nf7 15. Qd3 Nh6 16. h3 Nb8 17. Nb5 Nc6 18.
Nc7 Rb8 19. a3 Bd7 20. Nb5 Rbc8 21. Be3 a6 22. Nc3 b5 23. b4 Ng4 24. Nh2 Nxe3 25. Qxe3 Be8 26. g4 fxg4 27. hxg4 Qh4 28. Rg3 Nxd4 29.
Rh3 Nxc2 30. Qd3 Bg6 31. f5 Ne1 32. Qe3 Nc2 33. Qf3 Qg5 34. fxg6 Rxf3 35. Rxf3 hxg6 36. Rf2 Qxe5 37. Rxc2 Rxc3 38. Rf2 Qe4+ 39. Kg1 Rg3+ 40. Kf1 Qc4+ 41. Re2 Rh3 42. Ke1 Rxh2 43. Rxh2 Qc3+ 44.
Kf2 Qxa1 45. Kg3 Qe5+ 0-1

[Event "*** Titled Tuesday Blitz"]
[Site "Chess.com"]
[Date "2019.01.01"]
[Round "6"]
[White "MikePerelshteyn"]
[Black "Kangoroo3000"]
[Result "1-0"]
[WhiteElo "2563"]
[BlackElo "2650"]
[TimeControl "180+2"]
[EndTime "14:26:46 PST"]
[Termination "MikePerelshteyn won by resignation"]

1. Nf3 d5 2. d4 Nf6 3. c3 Bg4 4. Qb3 Qc8 5. Ne5 Bd7 6. Bf4 e6 7.
e3 Be7 8. Nd2 O-O 9. h3 c5 10.
Be2 Nc6 11. O-O a6 12. a4 h6 13. Nxd7 Qxd7 14. Qd1 Bd6 15. Bxd6 Qxd6 16. Nf3 e5 17. dxe5 Nxe5 18. Nxe5 Qxe5 19. Bf3 Rad8 20. Qb3 Qc7 21. Rfd1 Rd6 22. Bxd5 Nxd5 23. Rxd5 c4 24. Qd1 Rfd8 25.
Rd4 Qb6 26. Qc2 Rxd4 27. exd4 Re8 28. Rd1 h5 29. d5 Qd6 30. Qd2 b5 31. axb5 axb5 32.
Qg5 g6 33. Qd2 Re5 34. Kf1 Kh7 35. Qd4 Re8 36. Qa7 Re7 37. Qd4 Qh2 38. f3 Qd6 39.
Re1 Rxe1+ 40. Kxe1 Qg3+ 41. Kf1 Qd6 42. f4 Kg8 43.
Qe5 Qa6 44. d6 Qa1+ 45. Kf2 Qxb2+ 46. Kf3 Qd2 47. Qe8+ Kg7 48. d7 Qxc3+ 49. Qe3 Qf6 50. Qe5 Qxe5 51. fxe5 c3 52. d8=Q c2 53. Qc7 c1=Q 54.
Qxc1 1-0

[Event "*** Titled Tuesday Blitz"]
[Site "Chess.com"]
[Date "2019.01.01"]
[Round "6"]
[White "FightingChess"]
[Black "andrzej"]
[Result "1-0"]
[WhiteElo "2277"]
[BlackElo "2250"]
[TimeControl "180+2"]
[EndTime "14:26:47 PST"]
[Termination "FightingChess won by resignation"]

1. e4 c5 2. c3 Nf6 3. e5 Nd5 4. Nf3 e6 5. Bc4 d6 6. d4 cxd4 7. cxd4 Be7 8. O-O O-O 9. Qe2 Nc6 10. Nc3 Nxc3 11. bxc3 dxe5 12. dxe5 Qc7 13. Qe4 b6 14.
Bd3 g6 15. Bh6 Rd8 16. Rad1 Bb7 17. Qf4 Na5 18. Ng5 Bf8 19. Qh4 Be7 20. Qf4 Bc5 21.
Qf6 Bf8 22. Bxf8 Rxf8 23. Be4 Nc4 24. Bxb7 Qxb7 25. Rd4 Qc7 26. Nxe6 fxe6 27. Qxe6+ Qf7 28.
Qxf7+ Rxf7 29. Rxc4 Re8 30. f4 Rd7 31. Rd4 Red8 32. Rfd1 Rxd4 33. Rxd4 Rc8 34. c4 Rc5 35.
Kf2 Ra5 36. Rd2 Ra4 37. Rc2 Kf7 38. Ke3 Ke6 39. Kd4 b5 40. Kc5 bxc4 41. Kb5 Ra3 42. Kxc4 Ra4+ 43. Kb5 Rxf4 44. Re2 g5 45. a4 g4 46. a5 h5 47. g3 Rf7 48. Kc6 Rf3 49. Kb7 Rf7+ 50. Ka6 Rc7 51. Rb2 Kxe5 52. Rb7 Rc2 53. Rb5+ Ke4 54. Rxh5 Kf3 55. Kxa7 Kg2 56. a6 Rb2 57. Ka8 Rb6 58. a7 Rb2 59. Rh7 Kg1 60. Rb7 Rxh2 61. Kb8 Ra2 62. a8=Q Rxa8+ 63. Kxa8 Kf2 64.
Rb3 1-0

[Event "*** Titled Tuesday Blitz"]
[Site "Chess.com"]
[Date "2019.01.01"]
[Round "6"]
[White "TigranLPetrosyan"]
[Black "DanielNaroditsky"]
[Result "1-0"]
[WhiteElo "2845"]
[BlackElo "2917"]
[TimeControl "180+2"]
[EndTime "14:26:48 PST"]
[Termination "TigranLPetrosyan won by resignation"]

1. Nf3 d5 2. g3 g6 3. Bg2 Bg7 4. c4 dxc4 5. Na3 e5 6. O-O e4 7. Ne1 Nf6 8. Nxc4 O-O 9. d4 exd3 10. Nxd3 Nc6 11. Re1 Re8 12. Bd2 Nd4 13. Bc3 Ne4 14.
Bxd4 Qxd4 15. Rc1 Nd6 16. e3 Qf6 17. Nxd6 Qxd6 18. Nf4 Qxd1 19. Rexd1 c6 20. b4 a5 21. a3 Bb2 22. Rc5 a4 23. Nd3 Bf6 24. b5 Be7 25.
bxc6 Bxc5 26. Nxc5 bxc6 27. Bxc6 Bg4 28. Rd4 Bf5 29.
Bxa8 Rxa8 30. Rxa4 Rc8 31. Rc4 Be6 32. Rc1 Bd5 33. a4 Ra8 34. Ra1 Ra5 35. Nd7 Bc6 36. Nb6 Kf8 37. Nc4 Rxa4 38. Rxa4 Bxa4 39. e4 Bc6 40. f3 Ke7 41. Kf2 Ke6 42. Ke3 f6 43. Kd4 Bb5 44. Ne3 Be2 45. f4 Bf3 46. Nc4 Be2 47.
Nb6 Bb5 48. Nd5 Bc6 49. Nc7+ Kd7 50. Na6 Kd6 51. Nc5 Ke7 52. e5 h5 53. Ne4 fxe5+ 54.
Kxe5 Bd7 55. h4 Bf5 56. Nd6 Be6 57. f5 gxf5 58. Nxf5+ Kf7 59. Nd6+ Ke7 60. Ne4 Bg4 61. Nf6 Bd1 62. Kf5 1-0

[Event "*** Titled Tuesday Blitz"]
[Site "Chess.com"]
[Date "2019.01.01"]
[Round "6"]
[White "wannabe2700"]
[Black "OparinGrigoriy"]
[Result "0-1"]
[WhiteElo "2549"]
[BlackElo "2911"]
[TimeControl "180+2"]
[EndTime "14:26:48 PST"]
[Termination "OparinGrigoriy won by resignation"]

1. d4 Nf6 2. c4 e6 3. Nf3 b6 4. g3 Bb7 5. Bg2 Be7 6. O-O O-O 7. Re1 Na6 8. Nc3 Ne4 9. Nxe4 Bxe4 10. b3 d5 11. Ne5 Bxg2 12. Nc6 Qd7 13. Nxe7+ Qxe7 14. Kxg2 dxc4 15. bxc4 Rfd8 16. Qa4 Qb4 17. Qxb4 Nxb4 18. Rd1 Nc2 19. Rb1 Nxd4 20. Kf1 c5 21. Bb2 Nc6 22. Bc3 f6 23. e3 Kf7 24. Ke2 e5 25. a4 Ke6 26. a5 Rxd1 27. Kxd1 bxa5 28. Rb5 Kd6 29. Bxa5 a6 30. Rb6 e4 31. Kc2 h5 32. h4 g5 33. Bc3 Kc7 34. Rb1 Rf8 35. Rh1 a5 36.
Kb3 g4 37. Rd1 Nb4 38. Ka4 Kc6 39. Rd2 Ra8 40. Bxf6 Nd3 41. Bc3 Rb8 42. Bxa5 Ra8 43. Rc2 Ne5 44. Rc3 Rb8 45. Rc2 Ra8 46. Rc3 Nd3 47.
Rc2 Rf8 48. Kb3 Nxf2 49. Be1 Nd3 50. Re2 Rf1 51. Bc3 Rg1 52. Ra2 Nc1+ 53. Kb2 Nxa2 54. Kxa2 Rxg3 55. Kb2 Rf3 56. Kc2 g3 57. Kd2 g2 0-1

[Event "*** Titled Tuesday Blitz"]
[Site "Chess.com"]
[Date "2019.01.01"]
[Round "6"]
[White "volcanoexplorer"]
[Black "MissingLife"]
[Result "0-1"]
[WhiteElo "2351"]
[BlackElo "2517"]
[TimeControl "180+2"]
[EndTime "14:26:49 PST"]
[Termination "MissingLife won by resignation"]

1. e4 e6 2. d4 d5 3. Nc3 Bb4 4. e5 Ne7 5. a3 Ba5 6. b4 Bb6 7. Nf3 Nf5 8. Bd3 Bxd4 9. Bb5+ c6 10. Nxd4 Nxd4 11. Qxd4 cxb5 12. Nxb5 O-O 13. Bf4 Nc6 14. Qd3 a5 15. O-O axb4 16. axb4 Rxa1 17. Rxa1 Nxb4 18.
Qc3 Na6 19. Nd6 Qc7 20. Qxc7 Nxc7 21. Ra3 Bd7 22. Nxb7 Rb8 23. Rb3 Ba4 24. Rb4 Bc6 25. h4 Rxb7 26. Rd4 h6 27. Be3 Nb5 28. Rb4 Nc3 29.
Rg4 Kf8 30. Bc5+ Kg8 31. Be3 Kh7 32. Kh2 Ne4 33. f3 Nc3 34. Bc5 Na4 35. Bf8 f5 36. exf6 gxf6 37. h5 Rf7 38. Bd6 Nb6 39. Bf4 e5 40.
Bc1 Nc4 41. Rg6 Bd7 42. Rxh6+ Kg8 43. Rg6+ Kf8 44. h6 Ke7 45. Rg8 Bf5 46. g4 Bxc2 47. g5 fxg5 48. Bxg5+ Ke6 49. Kg3 Nd6 50. Kf2 Bh7 51.
Rb8 d4 52. Rb6 Rd7 53. Ke1 Kf5 54. Bc1 d3 55. Rb8 Nc4 56. Rf8+ Kg6 57. Kd1 d2 58. Ba3 Nxa3 59. Rc8 Kh5 60. f4 Bc2+ 61. Rxc2 Nxc2 62. fxe5 Ne3+ 63. Ke2 d1=Q+ 64. Kxe3 Qd4+ 65. Kf3 Rb7 66. e6 Rb3+ 0-1

[Event "*** Titled Tuesday Blitz"]
[Site "Chess.com"]
[Date "2019.01.01"]
[Round "6"]
[White "andresgv36"]
[Black "IakovUlivar"]
[Result "0-1"]
[WhiteElo "2362"]
[BlackElo "2495"]
[TimeControl "180+2"]
[EndTime "14:26:56 PST"]
[Termination "IakovUlivar won by resignation"]

1. d4 Nf6 2. Bf4 d5 3. e3 e6 4. Nf3 c5 5. Nbd2 Nc6 6. c3 Be7 7. Bd3 Nh5 8. Be5 f6 9. Bg3 g6 10. Qe2 Bd7 11. dxc5 Bxc5 12. e4 O-O 13. O-O-O a6 14.
Nb3 Be7 15. exd5 exd5 16. Nbd4 Re8 17. Ne6 Bxe6 18. Qxe6+ Kg7 19. Qh3 Qc8 20. Qxc8 Raxc8 21. Kb1 Nxg3 22. hxg3 Bc5 23. Rhf1 Ne5 24. Bc2 Rcd8 25. Rd2 Nc4 26. Rdd1 Ne5 27. Bb3 Nxf3 28. gxf3 d4 29.
cxd4 Rxd4 30. Rxd4 Bxd4 31. Bd5 Re2 32. Rd1 Rxb2+ 33.
Kc1 Bc3 34. Rd3 Rb5 35. Bc4 Rc5 36. Bb3 Bd4+ 37. Kd1 Bxf2 38. g4 Rc7 39. Ke2 Bc5 40. Rd5 b6 41. Rd8 Re7+ 42. Kd3 Re3+ 43. Kc4 Rxf3 44. Kd5 Rd3+ 45. Ke6 Rxd8 0-1

[Event "*** Titled Tuesday Blitz"]
[Site "Chess.com"]
[Date "2019.01.01"]
[Round "6"]
[White "robbykevlishvili"]
[Black "Muracle"]
[Result "1/2-1/2"]
[WhiteElo "2780"]
[BlackElo "2530"]
[TimeControl "180+2"]
[EndTime "14:26:59 PST"]
[Termination "Game drawn - insufficient material"]

1. e4 g6 2. d4 Bg7 3. Nc3 a6 4. a4 d6 5. Be3 b6 6. Be2 Bb7 7. h4 h6 8. Nh3 Nd7 9. f4 e5 10. fxe5 dxe5 11. d5 Qxh4+ 12. Nf2 Qe7 13. Qd2 O-O-O 14. O-O-O f5 15. g3 Ngf6 16. Bd3 Nc5 17.
exf5 Nxd5 18. Nxd5 Nxd3+ 19. Qxd3 Rxd5 20. Qc4 Rhd8 21.
fxg6 Qe6 22. Qh4 Qxg6 23. Rxd5 Rxd5 24. Rd1 Rxd1+ 25. Nxd1 Qe4 26. Qh3+ Kb8 27. Qd7 Qg6 28. Qd8+ Bc8 29. b3 e4 30. Bf4 Qc6 31. Ne3 Bf6 32.
Bxc7+ Kb7 33. Qd6 Bg5 34. Qxc6+ Kxc6 35. Bf4 Bxf4 36. gxf4 h5 37. Ng2 Kd5 38. Kd2 Bh3 39. Nh4 Kd4 40. c3+ Kd5 41. Ke3 b5 42. axb5 axb5 43.
c4+ bxc4 44. bxc4+ Kxc4 45. Kxe4 Kc5 46. Ke5 Kc6 47. Kf6 Bg4 48. Kg5 Kd5 49. Ng6 Ke4 50.
Ne5 Be6 51. Ng6 Bg4 52. Ne7 Be6 53. Nc6 h4 54. Kxh4 Kxf4 55. Ne5 Kxe5 1/2-1/2

[Event "*** Titled Tuesday Blitz"]
[Site "Chess.com"]
[Date "2019.01.01"]
[Round "6"]
[White "nitpicker"]
[Black "Orest_Vovk"]
[Result "0-1"]
[WhiteElo "2213"]
[BlackElo "2394"]
[TimeControl "180+2"]
[EndTime "14:27:01 PST"]
[Termination "Orest_Vovk won on time"]

1. d4 h6 2. e4 g5 3. h4 g4 4. Qxg4 d5 5. Qe2 dxe4 6. Qxe4 Nf6 7. Qd3 Nc6 8. c3 Qd5 9. Nf3 Bf5 10. Qc4 Qe4+ 11. Qe2 O-O-O 12. Qxe4 Nxe4 13. Nbd2 Rg8 14. g3 e6 15. Nxe4 Bxe4 16. Bg2 e5 17. O-O exd4 18.
Nxd4 Bxg2 19. Kxg2 Nxd4 20. cxd4 Rxd4 21. Be3 Rd5 22. Rfd1 Rxd1 23. Rxd1 Rg6 24. a3 a6 25. Kf3 Rd6 26. Rxd6 cxd6 27. Ke4 Kd7 28. Kd5 h5 29. Bf4 b5 30. b3 f5 31. a4 bxa4 32. bxa4 Be7 33.
Bg5 Bf8 34. a5 Bg7 35. Bf4 Bc3 36. Bxd6 Bxa5 37. Bc5 Bc7 38. Ba3 a5 39. Bc5 a4 40.
Ba3 Bd8 41. Ke5 Be7 42. Bb2 a3 43. Ba1 Bc5 44. f4 Be3 45. Bc3 Bc1 46. Kd4 Ke6 47. Kd3 Kd5 48. Kc2 Bb2 0-1

[Event "*** Titled Tuesday Blitz"]
[Site "Chess.com"]
[Date "2019.01.01"]
[Round "6"]
[White "Kawhi_Leonard2"]
[Black "aquaticpineapples"]
[Result "1-0"]
[WhiteElo "2269"]
[BlackElo "2097"]
[TimeControl "180+2"]
[EndTime "14:27:01 PST"]
[Termination "Kawhi_Leonard2 won by resignation"]

1. e4 d5 2. exd5 Qxd5 3. Nc3 Qa5 4. d4 Nf6 5. Nf3 Nc6 6. Bb5 Nd5 7. O-O Nxc3 8. Bxc6+ bxc6 9. bxc3 Bg4 10. Qd3 Qb5 11.
c4 Qf5 12. Ne5 Qxd3 13. cxd3 Bd7 14. Be3 f6 15. Nxd7 Kxd7 16. Rab1 e6 17. Rb7 Bd6 18. Rfb1 g5 19. a4 h6 20. h3 f5 21. Bd2 c5 22. Bc3 Rhg8 23. dxc5 Bxc5 24. d4 Be7 25. Ba5 Rgc8 26. Kf1 Bf6 27. Bc3 Re8 28. Ke2 e5 29. d5 Rf8 30. Ba5 Rfc8 31. c5 e4 32. g4 f4 33. f3 exf3+ 34. Kxf3 Bd4 35. Rc1 Be3 36.
Rc4 Bg1 37. d6 Kc6 38. Rxc7+ Rxc7 39. Bxc7 Bxc5 40. Rxc5+ Kxc5 41. d7 Kb4 42. a5 a6 43.
d8=Q Rxd8 44. Bxd8 Kc5 45. h4 gxh4 46. Bxh4 Kd5 47.
Kxf4 Ke6 48. Bd8 Kf7 49. Kf5 Kg7 50. Bf6+ Kh7 51. Be5 Kg8 52. Kg6 h5 53. gxh5 1-0

[Event "*** Titled Tuesday Blitz"]
[Site "Chess.com"]
[Date "2019.01.01"]
[Round "6"]
[White "HonzaVykouk"]
[Black "VerdeNotte"]
[Result "0-1"]
[WhiteElo "2653"]
[BlackElo "2857"]
[TimeControl "180+2"]
[EndTime "14:27:02 PST"]
[Termination "VerdeNotte won by resignation"]

1. e4 e5 2. Nf3 Nc6 3. Bb5 g6 4. d4 exd4 5. c3 a6 6. Bc4 Nf6 7. cxd4 Bb4+ 8. Bd2 Nxe4 9. Bxb4 Nxb4 10. Bxf7+ Kxf7 11. Qb3+ Kg7 12. Qxb4 d6 13. O-O Bg4 14. Nbd2 Nxd2 15.
Nxd2 Qd7 16. d5 Rhf8 17. Rac1 Rf7 18. Qc3+ Kg8 19. Ne4 Raf8 20. Ng5 Re7 21. h3 Be2 22.
Ne6 Bxf1 23. Nxf8 Qf5 24. Nxg6 hxg6 25. Rxf1 Qxd5 26. Qc2 Qe4 27. Qb3+ Kg7 28. Rc1 b5 29. a3 c5 30. Qg3 Qe5 31. Qd3 Qxb2 32. Rd1 Re6 33. Qd5 Qe2 34. Rd3 Qe1+ 35. Kh2 Qe5+ 36.
Qxe5+ dxe5 37. Kg3 c4 38. Rd7+ Kf6 39. Rc7 Rd6 40.
f3 Kf5 41. h4 Rd3 42. a4 c3 43.
axb5 axb5 44. Rc6 b4 45. Kf2 e4 46. fxe4+ Ke5 47. Rc5+ Kd4 48. Rb5 c2 49. Rxb4+ Kc5 50. Rb8 Rc3 51. Rc8+ Kd4 52. Rxc3 Kxc3 0-1

[Event "*** Titled Tuesday Blitz"]
[Site "Chess.com"]
[Date "2019.01.01"]
[Round "6"]
[White "idvidal"]
[Black "Boundless_Strike"]
[Result "0-1"]
[WhiteElo "2468"]
[BlackElo "2473"]
[TimeControl "180+2"]
[EndTime "14:27:02 PST"]
[Termination "Boundless_Strike won by resignation"]

1. d4 Nf6 2. c4 e5 3. dxe5 Ng4 4. e3 Nxe5 5. Nh3 Nbc6 6. Nc3 g6 7. Nf4 Bg7 8. Be2 d6 9. O-O O-O 10. Nfd5 Be6 11. Rb1 Ne7 12. b3 c6 13. Nf4 Bf5 14.
e4 Be6 15. Bb2 Qc7 16. Nxe6 fxe6 17. f4 Nf7 18. Bg4 Qd7 19. Kh1 Rad8 20. Ne2 c5 21. Bxg7 Kxg7 22. Qd2 Kg8 23. Rbd1 Nc6 24. f5 exf5 25.
exf5 Nfe5 26. Bh3 gxf5 27. Nf4 Nd4 28. Nd5 Qg7 29. Qa5 b6 30. Qd2 Kh8 31. Qf4 Ng6 32.
Qf2 Ne5 33. Qf4 Ng6 34. Qf2 f4 35. Bg4 Ne5 36. Bh5 Qg5 37. Bf3 Rg8 38. Rxd4 cxd4 39. Qxd4 Rdf8 40. Rf2 Rg7 41. Qd1 Re8 42. Bh5 Reg8 43.
Bf3 Re8 44. Bh5 Nd3 45. Qxd3 Qxg2+ 46. Rxg2 Re1+ 47. Qf1 Rxf1+ 0-1

[Event "*** Titled Tuesday Blitz"]
[Site "Chess.com"]
[Date "2019.01.01"]
[Round "6"]
[White "Viaje"]
[Black "pedroholly22"]
[Result "0-1"]
[WhiteElo "2320"]
[BlackElo "2253"]
[TimeControl "180+2"]
[EndTime "14:27:02 PST"]
[Termination "pedroholly22 won by resignation"]

1. d4 Nf6 2. c4 g6 3. Nc3 Bg7 4. e4 d6 5. Be2 O-O 6. Nf3 c5 7. d5 e6 8. O-O exd5 9. exd5 Re8 10.
h3 Bf5 11. Bg5 h6 12. Be3 Ne4 13. Nxe4 Bxe4 14. Qd2 g5 15. Rae1 Nd7 16. Qc1 Qf6 17. Nd2 Bg6 18. b3 Qc3 19. Nf3 a5 20. h4 g4 21. Nh2 h5 22. Bf4 a4 23. Bxg4 hxg4 24.
Qxc3 Bxc3 25. Rxe8+ Rxe8 26. Bxd6 Bd3 27. Rc1 Bb2 28.
Rd1 Bc2 29. Rd2 axb3 30. axb3 Bxb3 31. Rxb2 Re1+ 32. Nf1 Bxc4 33. Rxb7 Rxf1+ 34. Kh2 Nf6 35. Bxc5 Nxd5 36. Bd4 Rd1 37. Bb2 Rd2 38. Kg3 Ne7 39.
h5 Be6 40. Rb8+ Nc8 41. Bf6 Rd3+ 42. Kh4 Kh7 43. Rb5 Rd1 44. Kg5 Nd6 45. Re5 Rf1 46.
Re2 Rxf2 47. Rxf2 Ne4+ 48. Kf4 Nxf2 49. Ke3 Nd1+ 50. Ke2 Bb3 51. Bd4 Kh6 0-1

[Event "*** Titled Tuesday Blitz"]
[Site "Chess.com"]
[Date "2019.01.01"]
[Round "6"]
[White "jcibarra"]
[Black "xamax2000"]
[Result "1-0"]
[WhiteElo "2745"]
[BlackElo "2525"]
[TimeControl "180+2"]
[EndTime "14:27:06 PST"]
[Termination "jcibarra won by resignation"]

1. e4 e5 2. Nf3 Nc6 3. d4 exd4 4. Nxd4 Bc5 5. Be3 Qf6 6. c3 Nge7 7. Bb5 Bb6 8. O-O Qg6 9. Nd2 O-O 10. a4 a6 11.
Nxc6 dxc6 12. Bxb6 cxb6 13. Be2 Bh3 14. Bf3 Rad8 15.
Qe2 Be6 16. Rfd1 b5 17. Qe3 Qh6 18. Qxh6 gxh6 19. axb5 axb5 20. Nf1 Ng6 21. Ne3 Rxd1+ 22. Bxd1 Rd8 23. Kf1 Rd2 24. Bc2 Nf4 25. Rd1 Bc4+ 26.
Kg1 Rxd1+ 27. Bxd1 Nd3 28. b3 Be6 29. g3 Nc1 30. c4 bxc4 31. bxc4 b5 32. cxb5 cxb5 33. Kf1 b4 34. Bc2 b3 35. Bb1 b2 36.
Nd1 Bc4+ 37. Ke1 Bd3 38. Nc3 Bxb1 39. Nxb1 Kg7 40. Kd2 Kf6 41. f4 h5 42. Kc2 h4 43.
Nc3 hxg3 44. hxg3 h5 45. Kxb2 h4 46. Nd5+ Ke6 47. gxh4 Ne2 48. h5 f5 49. h6 Kf7 50.
exf5 Nd4 51. f6 Kg6 52. Kc3 Nf5 53. Ne7+ 1-0

[Event "*** Titled Tuesday Blitz"]
[Site "Chess.com"]
[Date "2019.01.01"]
[Round "6"]
[White "Zq1"]
[Black "MateSchmate"]
[Result "1-0"]
[WhiteElo "2469"]
[BlackElo "2477"]
[TimeControl "180+2"]
[EndTime "14:27:12 PST"]
[Termination "Zq1 won by checkmate"]

1. d4 Nf6 2. c4 e6 3. g3 d5 4.
Bg2 Be7 5. Nf3 O-O 6. Nc3 c5 7.
cxd5 Nxd5 8. O-O Nc6 9. Nxd5 exd5 10. Be3 c4 11. b3 b5 12. a4 Ba6 13. axb5 Bxb5 14.
bxc4 Bxc4 15. Nd2 Bb5 16. Qb3 Rb8 17. Qxd5 Bf6 18. Nb3 Qxd5 19. Bxd5 Bxe2 20. Rfe1 Bg4 21. Bxc6 Rxb3 22. Rxa7 Rb6 23. d5 Rbb8 24. Bf4 Rbc8 25.
Bd6 Rfd8 26. Be7 Bxe7 27. Rexe7 Rf8 28. Kg2 g6 29. h3 Bf5 30. g4 Bd3 31. Kg3 Kg7 32.
f3 Kf6 33. h4 h6 34. f4 g5 35. hxg5+ hxg5 36. fxg5+ Kg6 37. Kf4 Rcd8 38. Rad7 Bc4 39. Rxd8 Rxd8 40. Ke5 Be2 41. d6 Bxg4 42. Be8 Kxg5 43.
Bxf7 Rd7 44. Be8 Rxe7+ 45. dxe7 Be2 46. Bf7 Bb5 47. Kd6 Kf6 48. Be6 Be8 49. Bg4 Kg5 50.
Be2 Kf6 51. Bf3 Bg6 52. Bb7 Be8 53. Bc8 Kf7 54. Bd7 Kf6 55. Bxe8 Kg7 56. Ke6 Kh6 57.
Kf6 Kh7 58. Bf7 Kh6 59. e8=Q Kh7 60. Bg6+ Kh6 61. Qf8# 1-0

[Event "*** Titled Tuesday Blitz"]
[Site "Chess.com"]
[Date "2019.01.01"]
[Round "6"]
[White "aa175"]
[Black "SimonKnightRivendell"]
[Result "1-0"]
[WhiteElo "1922"]
[BlackElo "1973"]
[TimeControl "180+2"]
[EndTime "14:27:13 PST"]
[Termination "aa175 won by resignation"]

1. a3 d5 2. Nf3 Nf6 3. g3 g6 4. Bg2 Bg7 5. O-O O-O 6. d4 c6 7. c3 Bf5 8. Qb3 Qc8 9. Bf4 Na6 10.
Nbd2 h6 11. h4 Nh5 12. Be5 f6 13. e4 Bh3 14. exd5 cxd5 15. Bxh3 Qxh3 16. Qxd5+ Kh7 17. Qxb7 fxe5 18. Qxa6 Nxg3 19. fxg3 Qxg3+ 20. Kh1 exd4 21. h5 gxh5 22. Qd3+ Kh8 23. Qe2 dxc3 24. bxc3 Bxc3 25.
Rac1 Bf6 26. Ne4 Qh3+ 27. Nh2 Be5 28. Ng5 Rxf1+ 29. Rxf1 Qxh2+ 30. Qxh2 Bxh2 31. Nf7+ Kg7 32. Kxh2 Rg8 33. Ne5 Rb8 34. Rf7+ Kg8 35. Rxe7 Rb2+ 36. Kh1 Rb3 37. Rxa7 Re3 38. Ng6 Rg3 39. Ne7+ Kf8 40. Nf5 Rf3 41. Ra8+ Kf7 42. Nd6+ Ke6 43. Ne4 Ke5 44.
Kg2 Rb3 45. Nf2 Kd5 46. Ra5+ Kc6 47. a4 Kb6 48. Rxh5 Ra3 49. a5+ Rxa5 50. Rxh6+ Kc7 51.
Nd3 Ra3 52. Nf4 Kd7 53. Kf2 Ke7 54. Nd5+ Kf7 55. Ne3 Kg7 56. Rb6 Kf7 57. Kf3 Ra4 58. Ng2 Ke7 59. Nf4 Kd7 60. Kg4 Kc7 61. Rh6 Ra5 62.
Rg6 Re5 63. Nd3 Rd5 64. Nb4 Rd6 65. Rg7+ Kb6 66. Nc2 Kc5 67. Kf4 Rd2 68. Ne3 Rd4+ 69. Ke5 Rd2 70. Rc7+ Kb6 71. Rc8 Kb7 72. Rg8 Kb6 73.
Nc4+ Kc5 74. Nxd2 1-0

[Event "*** Titled Tuesday Blitz"]
[Site "Chess.com"]
[Date "2019.01.01"]
[Round "6"]
[White "Supernotar"]
[Black "GulamaliRises"]
[Result "1-0"]
[WhiteElo "2439"]
[BlackElo "2624"]
[TimeControl "180+2"]
[EndTime "14:27:18 PST"]
[Termination "Supernotar won by checkmate"]

1. d4 Nf6 2. c4 e6 3. Nf3 c5 4. d5 exd5 5. cxd5 d6 6. Nc3 g6 7.
Nd2 Bg7 8. g3 O-O 9. Bg2 Nbd7 10. O-O Ne5 11. h3 Nh5 12. Kh2 f5 13. f4 Nf7 14.
Nc4 Bxc3 15. bxc3 Nf6 16. a4 b6 17. Nd2 Re8 18. c4 h5 19. Bb2 h4 20. Rf3 Kh7 21.
e3 Ne4 22. Nxe4 fxe4 23. Rf2 hxg3+ 24. Kxg3 Nh6 25. Qd2 Nf5+ 26. Kh2 Qh4 27. Re1 Bd7 28. Kg1 Bxa4 29. Qc3 b5 30. cxb5 Bxb5 31. Ba1 Bd3 32. Rb2 Reb8 33. Rd1 Qg3 34. Qf6 Qxe3+ 35. Kh1 Rxb2 36.
Bxb2 Qxf4 37. Qf7+ Kh6 38. Bg7+ Kh5 39. Kg1 c4 40. Bf6 e3 41. Qh7+ Nh6 42. Bg7 Rf8 43. Bf3+ Kh4 44. Bxh6 Qxf3 45. Bxf8+ Kg5 46. Be7+ Kf5 47.
Qf7+ Ke4 48. Qe6+ Kd4 49. Bf6+ Kc5 50. Qc8+ Kb4 51. Qb7+ Kc5 52. Qc7+ Kb4 53. Qxd6+ Kb3 54. Qb8+ Kc2 55. Qb1# 1-0

[Event "*** Titled Tuesday Blitz"]
[Site "Chess.com"]
[Date "2019.01.01"]
[Round "6"]
[White "Bad4life"]
[Black "pandamaster3000"]
[Result "1-0"]
[WhiteElo "2336"]
[BlackElo "2202"]
[TimeControl "180+2"]
[EndTime "14:27:18 PST"]
[Termination "Bad4life won by resignation"]

1. e4 e6 2. d4 d5 3. Nd2 Nc6 4. Ngf3 Nf6 5. e5 Nd7 6. c4 f6 7. cxd5 exd5 8. Bd3 fxe5 9. Nxe5 Ndxe5 10. dxe5 Nxe5 11.
Qh5+ Nf7 12. O-O Qg5 13. Re1+ Be7 14. Qe2 Bg4 15. Nf3 Bxf3 16. Qxf3 Qf6 17. Qh3 g6 18.
Re6 Qd4 19. Be3 Qxd3 20. Rxe7+ Kxe7 21. Bc5+ Kd8 22. Qxd3 c6 23. Re1 Nh6 24. Be7+ Kc8 25. Qh3+ Nf5 26. Bf6 Rf8 27. g4 Rxf6 28. Re8+ Kc7 29.
Rxa8 Nd4 30. g5 Rf7 31. Qc8+ Kb6 32. Qd8+ Ka6 33. Qb8 Nf3+ 34. Kf1 b6 35. Qc8+ Kb5 36. a4+ Kc5 37. b4+ Kd4 38. Qxc6 Nd2+ 39. Ke2 Ne4 40.
Rd8 Rxf2+ 41. Ke1 Rf5 42. Qc2 Re5 43. Kf1 Rf5+ 44. Kg1 Rxg5+ 45. Kh1 h6 46. Qb2+ Kc4 47. Rc8+ Kd3 48. Rc1 Ke3 49. Re1+ Kd3 50. Qb1+ Kd4 51. Qb2+ Kd3 52. Qb3+ Kd4 53. Qe3+ Ke5 54. a5 bxa5 55.
bxa5 Kd6 56. Qxa7 Kc6 57. Qb6+ Kd7 58. a6 Rf5 59. a7 Nf2+ 60. Qxf2 Rxf2 61. a8=Q 1-0

[Event "*** Titled Tuesday Blitz"]
[Site "Chess.com"]
[Date "2019.01.01"]
[Round "6"]
[White "AnonymousBread"]
[Black "TreinadorBR"]
[Result "1-0"]
[WhiteElo "2534"]
[BlackElo "2249"]
[TimeControl "180+2"]
[EndTime "14:27:19 PST"]
[Termination "AnonymousBread won on time"]

1. d4 Nf6 2. Nc3 d5 3. Bf4 e6 4.
e3 Bd6 5. Nf3 O-O 6. Qd2 Bb4 7.
Bd3 Ne4 8. Bxe4 dxe4 9. Ng5 f5 10. a3 Bxc3 11. Qxc3 h6 12. Nh3 Nd7 13. Bxc7 Qe7 14.
Nf4 Kh7 15. O-O-O Nf6 16. Ba5 g5 17. Bb4 Qf7 18. Bxf8 gxf4 19. Bd6 Nd5 20. Qb3 fxe3 21. fxe3 b6 22. c4 Nf6 23. Be5 Ng4 24. h3 Nf2 25. g4 Nxd1 26. Qxd1 Ba6 27. Qa4 Qb7 28. gxf5 Bxc4 29. Rg1 b5 30. Qb4 Rg8 31. Rxg8 Kxg8 32. fxe6 Bxe6 33. Qd6 Qc8+ 34. Kd2 Kf7 35. d5 Bxh3 36. Qf6+ Ke8 37. Qh8+ Kd7 38. Qg7+ Ke8 39. Bf6 Qc5 40. Qg8+ Qf8 41. Qg6+ Qf7 42. Qxe4+ Kf8 43. Qe5 Bd7 44. e4 a6 45. b4 Kg8 46. Qb8+ Kh7 47. Qe5 Qg6 48. Qe7+ Kg8 49. Qd8+ Be8 50. Qe7 Qg2+ 51. Kc3 1-0

[Event "*** Titled Tuesday Blitz"]
[Site "Chess.com"]
[Date "2019.01.01"]
[Round "6"]
[White "champ2005"]
[Black "LastGladiator1"]
[Result "1-0"]
[WhiteElo "2633"]
[BlackElo "2626"]
[TimeControl "180+2"]
[EndTime "14:27:21 PST"]
[Termination "champ2005 won on time"]

1. b3 d5 2. Bb2 Bf5 3. Nf3 Nf6 4. g3 e6 5. Bg2 Be7 6. O-O O-O 7. Nh4 Bg4 8. h3 Bh5 9. g4 Nfd7 10. Nf5 Bf6 11.
c3 Bg6 12. Ng3 Bh4 13. d3 a5 14. Nd2 a4 15. Nf3 Bf6 16. Qc2 Nc6 17. e4 a3 18.
Bc1 Nb4 19. Qd2 Nc6 20. g5 Be7 21. Nh4 dxe4 22. Nxg6 hxg6 23. dxe4 Nc5 24. h4 Nd3 25. Rd1 Nxc1 26. Raxc1 Qxd2 27. Rxd2 Bd6 28. Rcd1 Bxg3 29.
fxg3 Ne5 30. Kf2 f6 31. gxf6 gxf6 32. Bh3 Rfe8 33. Ke3 Kf7 34. Bf1 Ke7 35. Be2 Rh8 36. b4 c6 37. c4 f5 38. c5 Kf6 39. Rf1 Ke7 40. Kf4 Nf7 41. Rfd1 Kf6 42. Rd7 Rab8 43. Rc7 Ne5 44. Ke3 Rhg8 45. Rf1 b6 46. g4 1-0